 Dungeon Crawl Stone Soup version 0.24.0-13-gcf9b3192b9 (webtiles) character file.

Game seed: 7409392236891832587, levelgen mode: deterministic

3467 Metae the Fighter (level 9, -1/89 HPs)
             Began as a Minotaur Fighter on Nov 9, 2019.
             Was a Believer of Trog.
             Slain by an apocalypse crab (8 damage)
             ... on level 1 of the Abyss.
             The game lasted 00:41:35 (7062 turns).

Metae the Fighter (Minotaur Fighter)                Turns: 7062, Time: 00:41:35

Health: -1/89      AC: 19    Str: 23    XL:     9   Next: 78%
Magic:  0/11       EV:  7    Int:  5    God:    Trog [**....]
Gold:   391        SH:  0    Dex: 11    Spells: 8/8 levels left

rFire    . . .     SeeInvis .   a - +2 battleaxe (flame)
rCold    . . .     Gourm    .   (shield currently unavailable)
rNeg     + . .     Faith    .   E - +0 plate armour
rPois    .         Spirit   +   (helmet restricted)
rElec    .         Reflect  .   D - scarf {Spirit}
rCorr    .         Harm     .   t - +0 pair of gloves
MR       ++...                  e - +0 pair of boots
Stlth    ..........             (no amulet)
HPRegen  1.24/turn              h - +3 ring of protection
MPRegen  0.12/turn              m - ring of positive energy

@: berserk cooldown, regenerating, hasted and slowed
A: retaliatory headbutt, horns 2
a: Berserk, Trog's Hand, Renounce Religion


You were on level 1 of the Abyss.
You worshipped Trog.
Trog was pleased with you.
You were not hungry.

You visited 1 branch of the dungeon, and saw 8 of its levels.
You visited the Abyss 1 time.

You collected 391 gold pieces.

Inventory:

Hand Weapons
 a - a +2 battleaxe of flaming (weapon)
 b - a +1 hunting sling of flaming
 y - a +1 long sword of holy wrath
 I - a +1 antimagic trident
Missiles
 r - 153 stones (quivered)
 x - 26 sling bullets
Armour
 c - a +0 shield
 e - a +0 pair of boots (worn)
 t - a +0 pair of gloves (worn)
 D - a scarf of spirit shield (worn)
 E - a +0 plate armour (worn)
Jewellery
 h - a +3 ring of protection (left hand)
 m - a ring of positive energy (right hand)
 J - a +2 ring of intelligence {unknown}
Wands
 n - a wand of acid (19)
 v - a wand of flame (38)
 F - a wand of iceblast (8)
Scrolls
 i - a scroll of random uselessness {unknown}
 o - 2 scrolls of remove curse
 p - 2 scrolls of enchant weapon {unknown}
 q - 3 scrolls of fog {unknown}
 s - a scroll of magic mapping {unknown}
 u - 4 scrolls of blinking {unknown}
 z - 3 scrolls of teleportation
 B - a scroll of immolation {unknown}
 C - a scroll of identify
 H - a scroll of fear {unknown}
Potions
 d - a potion of might
 g - a potion of curing
 j - 2 potions of degeneration {unknown}
 k - 2 potions of haste
 l - 6 potions of mutation
 w - a potion of ambrosia {unknown}
 A - a potion of invisibility {unknown}
 G - a potion of flight {unknown}
Comestibles
 f - 10 rations


   Skills:
 - Level 11.1 Fighting
 + Level 4.7(6.1) Axes
   Level 2.4(3.9) Maces & Flails
 - Level 5.3(6.2) Polearms
 + Level 3.9 Throwing
 + Level 8.3 Armour
 - Level 3.6 Shields
 - Level 4.0 Evocations


You had 8 spell levels left.
You didn't know any spells.
Your spell library was empty.

Dungeon Overview and Level Annotations

Branches:
Dungeon (8/15)             Temple (0/1) D:6
   Lair: D:8-11

Altars:
Ashenzari
Dithmenos
Hepliaklqana
Kikubaaqudgha
Nemelex Xobeh
Ru
Sif Muna
Trog
Uskayaw
Vehumet

Shops:
D:6 [*}(

Annotations:
D:5 exclusion: statue
D:8 Maurice, Psyche


Innate Abilities, Weirdness & Mutations

You reflexively headbutt those who attack you in melee.
You have a pair of horns on your head.


Message History

You feel better.
The apocalypse crab bites you but does no damage.
The apocalypse crab claws you but does no damage.
Your skin crawls.
You feel resistant to hostile enchantments.
You feel somewhat more hungry. The apocalypse crab bites you.
* * * LOW HITPOINT WARNING * * *
The apocalypse crab freezes you!!
* * * LOW HITPOINT WARNING * * *
The apocalypse crab closely misses you.
The apocalypse crab breathes chaos at you.
The blast of chaos engulfs you! You resist with almost no effort.
You are engulfed in seething chaos.
You feel yourself speed up.
The apocalypse crab is engulfed in seething chaos. x2
The apocalypse crab is moving more slowly.
The apocalypse crab bites you but does no damage.
The apocalypse crab claws you.
* * * LOW HITPOINT WARNING * * *
The apocalypse crab shocks you!
You die...

........
...... ....
... #'#
#######.###
#.....§§§.#
#.....§t§§#
#.####§@§.#
##.....## #
.##..........
.
.....#..####
# #.........#
#.#####..##
#. .. ...#
#### ##.##
#######.


You could see an apocalypse crab (petrifying).

Vanquished Creatures
  Harold (D:7)
  Joseph (D:7)
  A large abomination (Abyss:1)
  2 hungry ghosts (D:8)
  A sky beast (D:6)
  A small abomination (Abyss:1)
  4 ice beasts
  A phantom (D:7)
  A black bear (D:6)
  2 ogres
  A centaur (D:6)
  A bullfrog (D:7)
  2 scorpions
  2 howler monkeys (D:6)
  3 crimson imps
  4 hounds
  A bullfrog skeleton (D:7)
  An orc priest (D:6)
  A jelly (D:6)
  5 orc wizards
  5 worker ants
  A hound skeleton (D:6)
  A howler monkey skeleton (D:7)
  Robin (D:3)
  6 adders
  2 shadow imps
  An adder skeleton (D:8)
  3 worms
  2 dart slugs
  9 orcs
  2 ball pythons
  7 bats
  4 giant cockroaches
  5 hobgoblins
  2 jackals (D:7)
  6 quokkas
  3 frilled lizards
  16 goblins
  5 kobolds
  15 rats
132 creatures vanquished.

Vanquished Creatures (others)
  A quasit (D:8)
1 creature vanquished.

Grand Total: 133 creatures vanquished

Notes
Turn   | Place    | Note
-------+----------+-------------------------------------------
     0 | D:1      | Metae the Minotaur Fighter began the quest for the Orb.
     0 | D:1      | Reached XP level 1. HP: 19/19 MP: 0/0
   118 | D:1      | Reached skill level 4 in Fighting
   328 | D:1      | Reached XP level 2. HP: 28/28 MP: 1/1
   905 | D:2      | Reached skill level 5 in Fighting
   905 | D:2      | Reached XP level 3. HP: 36/36 MP: 2/2
   949 | D:2      | Found a bloodstained altar of Trog.
   966 | D:2      | Became a worshipper of Trog the Wrathful
  1100 | D:2      | Found a faded altar of an unknown god.
  1814 | D:3      | Reached * piety under Trog
  1903 | D:3      | Noticed Robin
  1913 | D:3      | Reached skill level 6 in Fighting
  1913 | D:3      | Reached XP level 4. HP: 44/44 MP: 3/3
  1918 | D:3      | Killed Robin
  2056 | D:3      | Found a sparkling altar of Nemelex Xobeh.
  2215 | D:3      | Found a shimmering blue altar of Sif Muna.
  2355 | D:4      | Reached XP level 5. HP: 51/51 MP: 1/4
  2420 | D:4      | Reached skill level 7 in Fighting
  2433 | D:4      | Found a hide-covered altar of Uskayaw.
  2503 | D:4      | Found a sacrificial altar of Ru.
  2527 | D:4      | Found a shattered altar of Ashenzari.
  2693 | D:4      | Found an ancient bone altar of Kikubaaqudgha.
  2888 | D:5      | Entered Level 5 of the Dungeon
  3080 | D:5      | You fall into a shaft and drop 2 floors!
  3110 | D:6      | Reached skill level 8 in Fighting
  3110 | D:6      | Reached XP level 6. HP: 37/61 MP: 1/5
  3114 | D:6      | Reached ** piety under Trog
  3128 | D:6      | Reached skill level 9 in Fighting
  3300 | D:6      | Found Dete's General Store.
  3327 | D:6      | Noticed a sky beast
  3329 | D:6      | Noticed an ice beast
  3387 | D:5      | Noticed an ice beast
  3397 | D:5      | Killed an ice beast
  3435 | D:5      | Found a radiant altar of Vehumet.
  3493 | D:5      | Found a hazy altar of Hepliaklqana.
  3493 | D:5      | Found a shadowy altar of Dithmenos.
  3819 | D:6      | Killed an ice beast
  3819 | D:6      | Reached skill level 10 in Fighting
  3819 | D:6      | Reached XP level 7. HP: 59/72 MP: 2/6
  4204 | D:6      | Found Wuyfrifo's Weapon Boutique.
  4214 | D:6      | Found Juricyom's Gadget Shop.
  4232 | D:6      | Reached skill level 11 in Fighting
  4306 | D:6      | Reached skill level 1 in Polearms
  4306 | D:6      | Reached XP level 8. HP: 63/82 MP: 2/7
  4369 | D:6      | Found Valuimurr's Antique Armour Emporium.
  4372 | D:6      | Reached skill level 1 in Evocations
  4518 | D:6      | Found a staircase to the Ecumenical Temple.
  4948 | D:7      | Reached skill level 5 in Armour
  5278 | D:7      | Noticed Harold
  5301 | D:7      | Killed Harold
  5301 | D:7      | Reached skill level 5 in Polearms
  5301 | D:7      | Reached XP level 9. HP: 75/89 MP: 2/11
  5746 | D:7      | Noticed Joseph
  5764 | D:7      | Killed Joseph
  5764 | D:7      | Reached skill level 1 in Throwing
  6360 | D:8      | Noticed Maurice
  6745 | D:8      | Noticed Psyche
  6754 | D:8      | Cast into level 1 of the Abyss (Psyche)
  6754 | Abyss:1  | Found a corrupted altar of Lugonu.
  6822 | Abyss:1  | Noticed a large abomination
  7023 | Abyss:1  | Noticed a large abomination
  7029 | Abyss:1  | Killed a large abomination
  7051 | Abyss:1  | Noticed an apocalypse crab
  7062 | Abyss:1  | Slain by an apocalypse crab

Levels and vault maps discovered:
D:1:      dpeg_arrival_pits, layout_loops_corners
D:2:      layout_basic, bloody_trog, chequers_ecumenical_altar_island,
          minmay_rat_gold_closets
D:3:      layout_rooms, led_sif_pool, nemelex_altar_shiori, uniq_robin
D:4:      layout_gridville, lemuel_doored_altar, lemuel_round_altar,
          evilmike_ruin_ashenzari, first_ration,
          nicolae_ru_great_annihilating_truth
D:5:      layout_loops_ring, vehumet_statue, gammafunk_temple_overflow_elements
D:6:      layout_basic, minmay_temple_entry_enclosed_plants, serial_shops, shop,
          shop, shop, shop
D:7:      layout_gridville, minivault_11, grunt_ogre_cave,
          minmay_joined_circles, uniq_harold, uniq_joseph
D:8:      layout_cave_pools, kennysheep_little_box, uniq_psyche, uniq_maurice
Abyss:1

Skill      XL: |  1  2  3  4  5  6  7  8  9 |
---------------+----------------------------+-----
Fighting       | 4 5 6 8 10 11 | 11.1
Polearms       | 1 5 |  5.3
Armour         | 4 6 8 |  8.3
Evocations     | 4 |  4.0
Axes           | 4 |  4.7
Throwing       | 3 |  3.9
Maces & Flails | |  2.4
Shields        | |  3.6

Action                   |  1- 3 |  4- 6 |  7- 9 || total
-------------------------+-------+-------+-------++-------
Melee: Flail             |   104 |    12 |       ||   116
       Headbutt          |    13 |    20 |    29 ||    62
       Trident           |       |   116 |   145 ||   261
       Battleaxe         |       |       |    46 ||    46
 Fire: Hunting sling     |       |     3 |    25 ||    28
Invok: Berserk           |     1 |     1 |     2 ||     4
       Trog's Hand       |       |       |     4 ||     4
  Use: Scroll            |     3 |     1 |     4 ||     8
       Potion            |       |     1 |     1 ||     2
 Stab: Paralysed         |       |     1 |       ||     1
  Eat: Chunk             |     3 |     7 |     1 ||    11
       Ration            |       |     1 |     5 ||     6
Armor: Scale mail        |    51 |     9 |       ||    60
       Chain mail        |       |    96 |    43 ||   139
       Plate armour      |       |       |   109 ||   109
Dodge: Dodged            |    29 |    34 |    52 ||   115
Block: Shield            |    56 |    77 |    61 ||   194
